 Dungeon Crawl Stone Soup version 0.26-a0-665-gefeb406119 (webtiles) character file.

Game seed: 11602994608050260170

4 Ijustatesigmund the Magician (level 1, 0/9 HPs)
             Began as a Spriggan Wanderer on Oct 14, 2020.
             Slain by a goblin
             ... wielding a +0 dagger
              (2 damage)
             ... on level 2 of the Dungeon.
             The game lasted 00:01:48 (481 turns).

Ijustatesigmund the Magician (Spriggan Wanderer)     Turns: 481, Time: 00:01:49

Health: 0/9        AC:  2    Str:  8    XL:     1   Next: 58%
Magic:  6/6        EV: 16    Int: 15    God:
Gold:   39         SH:  0    Dex: 13    Spells: 8/8 levels left

rFire    . . .     SeeInvis +   a - +0 dagger
rCold    . . .     Faith    .   (shield restricted)
rNeg     . . .     Spirit   .   d - +0 robe
rPois    .         Reflect  .   (helmet restricted)
rElec    .         Harm     .   (no cloak)
rCorr    .         Rampage  .   (gloves unavailable)
MR       .....                  (boots unavailable)
Stlth    ++........             (no amulet)
HPRegen  0.03/turn              (no ring)
MPRegen  0.10/turn              (no ring)

@: very quick
A: very small, unfitting armour, see invisible, speed 3
a: no special abilities


You were on level 2 of the Dungeon.
You visited 1 branch of the dungeon, and saw 2 of its levels.

You collected 39 gold pieces.

Inventory:

Hand Weapons
 a - a +0 dagger (weapon)
Armour
 c - a +0 cloak
 d - a +0 robe (worn)
Scrolls
 b - a scroll of enchant weapon {unknown}


   Skills:
 + Level 0.2 Fighting
 + Level 0.4 Short Blades
 - Level 1.0 Throwing
 + Level 0.7 Dodging
 + Level 1.9 Stealth
 - Level 4.0 Spellcasting
   Level 2.6 Transmutations
   Level 2.4 Ice Magic


You had 8 spell levels left.
You didn't know any spells.
Your spell library contained the following spells:

 Spells                   Type           Power        Failure   Level
 Freeze                   Ice            ##..         7%          1
 Sting                    Tmut/Pois      #...         11%         1
 Sandblast                Erth           #.....       19%         1
 Frozen Ramparts          Ice            ##....       21%         3
 Ozocubu's Armour         Ice            ##......     21%         3
 Ignite Poison            Fire/Tmut/Pois #.......     36%         3
 Stone Arrow              Conj/Erth      #.....       47%         3
 Hailstorm                Conj/Ice       #.......     73%         4
 Summon Ice Beast         Ice/Summ       #.......     73%         4


Dungeon Overview and Level Annotations

Branches:
Dungeon (2/15)

Altars:

Annotations:
D:2 Jessica


Innate Abilities, Weirdness & Mutations

You are very small and have problems with some larger weapons.
You are too small for most types of armour.
You have supernaturally acute eyesight. (SInv)
You cover ground extremely quickly.


Message History

The rat barely misses you.
You aren't carrying any potions.
The rat bites you.
* * * LOW HITPOINT WARNING * * *
The goblin misses you.
Found a whip.
Found 8 gold pieces.
You see here a whip.
You now have 39 gold pieces (gained 8).
A kobold comes into view.
The kobold shouts!
Found a scroll labeled DIEXIKHLIAPUO.
A goblin comes into view. It is wielding a +0 dagger.
The goblin shouts!
The goblin unwields a +0 dagger.
The goblin wields a +0 hunting sling.
The goblin shoots a stone.
The stone barely misses you.
You barely miss the goblin.
The goblin unwields a +0 hunting sling.
The goblin wields a +0 dagger.
The goblin hits you but does no damage.
You barely miss the goblin. The goblin hits you with a +0 dagger.
You die...

#)#
#.#.###K...
#r#
#...K......
#.####
###.###...
#g#.. #.#
#.#.### #.#
#.#.#.##
#.#
#......#
#.#
######.#r##
#.#####.#
....##.#.#
#..g@..(#
###.##.#r#
######### #
#.##.#g# #
#.#...g# #
#.#.#..## #
#...#...#
....#####.#
##### ###
.#


You could see a goblin.

Vanquished Creatures
  A leopard gecko (D:1)
  A bat (D:1)
  A frilled lizard (D:2)
  A goblin (D:1)
4 creatures vanquished.

Notes
Turn   | Place    | Note
-------+----------+-------------------------------------------
     0 | D:1      | Ijustatesigmund the Spriggan Wanderer began the quest for
                  | the Orb.
     0 | D:1      | Ijustatesigmund set off with the following items: a +0
                  | dagger, a +0 robe; and the following spells available to
                  | memorise: Freeze, Sting, Sandblast, Frozen Ramparts,
                  | Ozocubu's Armour, Ignite Poison, Stone Arrow, Hailstorm,
                  | Summon Ice Beast
     0 | D:1      | Reached XP level 1. HP: 9/9 MP: 6/6
   380 | D:2      | Noticed Jessica
   481 | D:2      | Slain by a goblin

Illustrated notes

Levels and vault maps discovered:
D:1:      shiori_arrival_maze, layout_loops_cross, serial_bayou_pond_c
D:2:      layout_loops_ring, overflow_temple_1_default,
          nicolae_qazlal_eye_of_the_storm, uniq_jessica

Action                   || total
-------------------------++-------
Melee: Dagger            ||    31
 Stab: Sleeping          ||     1
Armor: Robe              ||     7
Dodge: Dodged            ||    41

Table legend: (Time is in decaauts)
 A = Elapsed time spent in this place.
 B = Non-inter-level travel time spent in this place.
 C = Inter-level travel time spent in this place.
 D = Time resting spent in this place.
 E = Time spent auto-exploring this place.
 F = Levels seen in this place.
 G = Mean time per level.
                   A        B        C        D        E       F      G
               +--------+--------+--------+--------+--------+-----+--------+
         Total |    400 |    400 |      0 |    241 |     35 |   2 |  200.0 |
       Dungeon |    400 |    400 |      0 |    241 |     35 |   2 |  200.0 |
               +--------+--------+--------+--------+--------+-----+--------+

Top non-repeatable levels by time:
     D:1: 327 daAuts
     D:2: 73 daAuts
